[Event "Titled Tuesday Blitz December 27 Late 2022"]
[White "Yanchenko, Roman"]
[Black "Salman, Pavel"]
[WhiteFideId "4137329"]
[BlackFideId "24153753"]
[WhiteElo "2466"]
[BlackElo "2287"]
[Result "1-0"]
[Round "01"]
[TimeControl "180+2"]
[Date "2022.12.27"]
[WhiteClock "0:01:22"]
[BlackClock "0:00:12"]

1. d4 Nf6 2. c4 c5 3. Nf3 cxd4 4. Nxd4 b6 5. f3 Bb7 6. e4 d6 7. Be2 e6 8. O-O Be7 9. Be3 Qc7 10. b3 a6 11. Qd2 O-O 12. Rd1 Nbd7 13. Nc3 Rac8 14. Rac1 Qb8 15. Bf1 Bd8 16. Qf2 Bc7 17. Qh4 Ne5 18. Bg5 Ng6 19. Qh3 Nd7 20. Nce2 Rce8 21. Ng3 d5 22. cxd5 Bf4 23. dxe6 Bxg5 24. exd7 Rd8 25. Nc6 Bxc6 26. Rxc6 h6 27. Nh5 Ne5 28. Rcd6 Be7 29. R6d5 Bc5+ 30. Kh1 Qc7 31. Qg3 g5 32. Qxe5 1-0


[Site "https://www.chess.com"]

[Event "Titled Tuesday Blitz December 27 Late 2022"]
[White "Yano, William Jorge Froes"]
[Black "Pershin, Denis"]
[WhiteFideId "2112949"]
[BlackFideId "24165506"]
[WhiteElo "2045"]
[BlackElo "2366"]
[Result "0-1"]
[Round "01"]
[TimeControl "180+2"]
[Date "2022.12.27"]
[WhiteClock "0:00:26"]
[BlackClock "0:01:02"]

1. e4 e5 2. Nc3 Nf6 3. f4 d5 4. fxe5 Nxe4 5. Nf3 Nc6 6. Bd3 Bf5 7. Qe2 Nxc3 8. dxc3 Bxd3 9. cxd3 Qd7 10. d4 h6 11. O-O Nd8 12. Bf4 Ne6 13. Bg3 O-O-O 14. a4 g5 15. b4 h5 16. Qc2 Be7 17. Nd2 h4 18. Bf2 g4 19. Be3 Rdf8 20. Qf5 Kb8 21. Qxg4 Rhg8 22. Qf5 Qc6 23. Qd3 Bg5 24. b5 Qd7 25. Bxg5 Nxg5 26. Rf6 Qg4 27. Kh1 Rg7 28. Rg1 Rfg8 29. h3 Nxh3 30. Qf3 Nxg1 31. Kxg1 Qxg2+ 32. Qxg2 Rxg2+ 33. Kf1 Rxd2 34. Rxf7 h3 35. Rh7 h2 0-1


[Site "https://www.chess.com"]

[Event "Titled Tuesday Blitz December 27 Late 2022"]
[White "Zakarian, David"]
[Black "Putnam, Liam"]
[WhiteFideId "13301276"]
[BlackFideId "30938279"]
[WhiteElo "2306"]
[BlackElo "2285"]
[Result "0-1"]
[Round "01"]
[TimeControl "180+2"]
[Date "2022.12.27"]
[WhiteClock "0:01:08"]
[BlackClock "0:00:32"]

1. d4 Nf6 2. c4 e6 3. Nf3 Bb4+ 4. Nbd2 O-O 5. a3 Bxd2+ 6. Bxd2 b6 7. Bg5 Bb7 8. e3 d6 9. Bd3 Nbd7 10. O-O h6 11. Bh4 Qe7 12. Re1 e5 13. e4 c5 14. d5 g5 15. Bg3 Kg7 16. b4 a5 17. b5 Rh8 18. a4 Nf8 19. Be2 Ng6 20. Nd2 Bc8 21. f3 Nh5 22. Bf2 Bd7 23. Nf1 Raf8 24. Ng3 Nxg3 25. Bxg3 h5 26. Qd2 h4 27. Bf2 Nf4 28. Bf1 Qf6 29. Be3 Qg6 30. h3 f5 31. exf5 Bxf5 32. Bxf4 gxf4 33. Rad1 Kf7 34. Bd3 Rhg8 35. Bxf5 Qxf5 36. Kh1 Rg3 37. Re2 Rfg8 38. Qd3 Qh5 39. Rf1 Kf6 40. Re4 Qf5 41. Qe2 Rxh3+ 42. gxh3 Qxh3+ 0-1


[Site "https://www.chess.com"]

[Event "Titled Tuesday Blitz December 27 Late 2022"]
[White "Zakhartsov, Vladimir"]
[Black "Cruz, William Ferreira Da"]
[WhiteFideId "4145097"]
[BlackFideId "2118050"]
[WhiteElo "2552"]
[BlackElo "2216"]
[Result "1-0"]
[Round "01"]
[TimeControl "180+2"]
[Date "2022.12.27"]
[WhiteClock "0:00:32"]
[BlackClock "0:00:02"]

1. c4 Nf6 2. Nc3 g6 3. d4 Bg7 4. e4 d6 5. Be2 O-O 6. Be3 e5 7. d5 Nbd7 8. Nf3 Ng4 9. Bg5 f6 10. Bd2 Nh6 11. O-O Nf7 12. Ne1 f5 13. Nd3 Nc5 14. Nxc5 dxc5 15. a3 a5 16. Rb1 Nd6 17. exf5 Bxf5 18. Rc1 e4 19. Be3 b6 20. Qd2 Qf6 21. Rfe1 Rae8 22. Bf1 h5 23. b3 h4 24. Bg5 Qd4 25. Ne2 Qxd2 26. Bxd2 Bb2 27. Rc2 Bxa3 28. Be3 Bb4 29. Rd1 Bg4 30. h3 Bh5 31. Ra1 Nf5 32. Bg5 Nd4 33. Nxd4 cxd4 34. Bxh4 d3 35. Rca2 e3 36. fxe3 Bc3 37. Rb1 g5 38. Bxg5 d2 39. g4 Bg6 40. Rd1 Be4 41. Bf4 Bf3 42. Rdxd2 Bxd2 43. Rxd2 Be4 44. Bxc7 Rf3 45. Bf4 1-0


[Site "https://www.chess.com"]

[Event "Titled Tuesday Blitz December 27 Late 2022"]
[White "Adewumi, Tanitoluwa"]
[Black "Prieto Aranguren, Alain"]
[WhiteFideId "30966396"]
[BlackFideId "2268906"]
[WhiteElo "2283"]
[BlackElo "2258"]
[Result "0-1"]
[Round "02"]
[TimeControl "180+2"]
[Date "2022.12.27"]
[WhiteClock "0:00:06"]
[BlackClock "0:00:05"]

1. e4 e5 2. Nf3 d5 3. Nxe5 dxe4 4. d4 Nf6 5. Bc4 Be6 6. Bxe6 fxe6 7. O-O Bd6 8. Nc3 O-O 9. Qe2 Nc6 10. Nxc6 bxc6 11. Nxe4 Nxe4 12. Qxe4 Qf6 13. g3 Rab8 14. Re1 Qxf2+ 15. Kh1 Rf6 16. Bg5 Qf3+ 17. Qxf3 Rxf3 18. b3 Rf2 19. Rac1 Kf7 20. Be3 Rf5 21. Kg2 h5 22. h3 Kg6 23. Bf2 Rf6 24. Rcd1 Rbf8 25. Re2 Kh7 26. Rde1 Rf3 27. h4 Bb4 28. Rd1 R8f6 29. Rd3 Rxd3 30. cxd3 Bd6 31. Rc2 Rf5 32. Rxc6 Ra5 33. a4 g6 34. Rc4 Kg7 35. Rc6 Kf7 36. Kf3 Ke7 37. Be1 Rd5 38. Bf2 a5 39. Ra6 Kd7 40. Ke3 Kc8 41. Ke2 Kb7 42. Rxd6 cxd6 43. Ke3 Rf5 44. Ke2 Kc6 45. Be1 Kd7 46. Bc3 Rd5 47. Ke3 Ke7 48. Bd2 Kf6 49. Ke4 Kf7 50. Bf4 Ke7 51. Bg5+ Kd7 52. Bd2 Rf5 53. Bf4 Kc6 54. Ke3 Kd5 55. Bg5 Rf1 56. Bd8 Rb1 57. Bxa5 Rxb3 58. Bc7 Ra3 59. a5 Ra4 60. Bb6 Rb4 61. Bc7 Rxd4 62. Bxd6 Ra4 63. Bc7 e5 64. Bb6 Ra3 65. Ke2 Ke6 66. Ke3 Kf5 67. Bc7 e4 68. Ke2 exd3+ 69. Kd2 Kg4 70. Kd1 Ra2 71. Ke1 Kf3 72. Kd1 Ke3 73. Bb6+ Ke4 74. Ke1 Re2+ 75. Kd1 Ra2 76. Ke1 Kf3 77. Kd1 Kxg3 0-1


[Site "https://www.chess.com"]

[Event "Titled Tuesday Blitz December 27 Late 2022"]
[White "Ai, Evan"]
[Black "Kozin, Yuri"]
[WhiteFideId "2094770"]
[BlackFideId "4129920"]
[WhiteElo "2055"]
[BlackElo "2251"]
[Result "0-1"]
[Round "02"]
[TimeControl "180+2"]
[Date "2022.12.27"]
[WhiteClock "0:00:18"]
[BlackClock "0:01:09"]

1. e4 c5 2. Nf3 e6 3. d4 cxd4 4. Nxd4 a6 5. Bd3 Qc7 6. c4 Nc6 7. Nxc6 dxc6 8. Nc3 e5 9. Qe2 Nf6 10. h3 Be7 11. Be3 O-O 12. g4 Be6 13. g5 Nd7 14. h4 Bc5 15. h5 Bxe3 16. Qxe3 b5 17. cxb5 axb5 18. Rc1 Qa5 19. a3 b4 20. axb4 Qxb4 21. Qd2 Nc5 22. Bc2 Rfd8 23. Qe3 Bc4 24. Rb1 Nd3+ 25. Bxd3 Rxd3 26. Qc1 Rd4 27. Rh3 Rxe4+ 28. Re3 Rh4 29. Qc2 Rh1+ 30. Kd2 Rd8+ 31. Rd3 Rxd3+ 32. Qxd3 Bxd3 33. Rxh1 e4 34. Kc1 Qb3 35. Rd1 Qc2# 0-1


[Site "https://www.chess.com"]

[Event "Titled Tuesday Blitz December 27 Late 2022"]
[White "Ankerst, Mihael"]
[Black "Bettalli, Francesco"]
[WhiteFideId "14602369"]
[BlackFideId "2816453"]
[WhiteElo "2370"]
[BlackElo "2252"]
[Result "1-0"]
[Round "02"]
[TimeControl "180+2"]
[Date "2022.12.27"]
[WhiteClock "0:01:36"]
[BlackClock "0:01:35"]

1. e4 g6 2. d4 Bg7 3. Nc3 d6 4. f4 Nd7 5. Nf3 c6 6. Be3 b5 7. Bd3 Qa5 8. O-O Ngf6 9. e5 Ng4 10. Bd2 Qb6 11. h3 Nh6 12. Kh2 O-O 13. Be3 Qc7 14. Ne4 Nb6 15. c3 Nf5 16. Bf2 Nd5 17. g4 dxe5 18. gxf5 gxf5 19. fxe5 fxe4 20. Bxe4 f5 21. Bxd5+ cxd5 22. Rg1 e6 23. Bh4 a5 24. Kh1 Kh8 25. Ng5 b4 26. Qh5 h6 27. Qg6 hxg5 28. Rxg5 Qf7 29. Rh5+ Kg8 30. Qh7# 1-0


[Site "https://www.chess.com"]

[Event "Titled Tuesday Blitz December 27 Late 2022"]
[White "Antonica, Dragos-Andrei"]
[Black "Wang, Alexander J"]
[WhiteFideId "1246372"]
[BlackFideId "30955270"]
[WhiteElo "2373"]
[BlackElo "1815"]
[Result "1-0"]
[Round "02"]
[TimeControl "180+2"]
[Date "2022.12.27"]
[WhiteClock "0:00:47"]
[BlackClock "0:00:21"]

1. d4 d5 2. c4 e6 3. Nc3 c5 4. cxd5 exd5 5. Nf3 Nc6 6. g3 Nf6 7. Bg2 Be7 8. O-O O-O 9. dxc5 Bxc5 10. e3 Be6 11. a3 a6 12. b4 Ba7 13. Bb2 Rb8 14. Na4 b5 15. Nc5 Bxc5 16. bxc5 Nd7 17. Rc1 Qe7 18. Nd4 Nce5 19. c6 Nb6 20. c7 Rbc8 21. Nxe6 Qxe6 22. Qd4 f6 23. Rc5 Nec4 24. Bc3 Kh8 25. Bb4 Rfe8 26. Rd1 Na4 27. Bxd5 Qb6 28. Rc6 Qxd4 29. Rxd4 Ne5 30. Rc2 Nc4 31. Bxc4 bxc4 32. Rcxc4 Nb6 33. Rc6 Na8 34. Rd7 Kg8 35. Ba5 Kf8 36. Rd8 Ke7 37. Rcd6 Nxc7 38. R8d7+ Kf8 39. Bxc7 Re7 40. Rd8+ Rxd8 41. Rxd8+ Kf7 42. Bd6 Rb7 43. Bb4 Ra7 44. Rd5 Rb7 45. Rc5 Ke6 46. Kg2 Kd7 47. Kf3 g6 48. Ra5 Rb6 49. h4 f5 50. Rd5+ Ke6 51. Rd4 Rb5 52. g4 a5 53. Bf8 fxg4+ 54. Kxg4 h5+ 55. Kg3 Rf5 56. Bh6 Kf7 57. a4 Kg8 58. Bf4 Kf7 59. Re4 Rc5 60. Re5 Rc4 61. Rxa5 Re4 62. Ra7+ Ke6 63. a5 1-0


[Site "https://www.chess.com"]

[Event "Titled Tuesday Blitz December 27 Late 2022"]
[White "Antonios, Johnny"]
[Black "Gubajdullin, Alexei"]
[WhiteFideId "5300843"]
[BlackFideId "4141202"]
[WhiteElo "2269"]
[BlackElo "2285"]
[Result "0-1"]
[Round "02"]
[TimeControl "180+2"]
[Date "2022.12.27"]
[WhiteClock "0:01:45"]
[BlackClock "0:02:34"]

1. e4 g6 2. d4 Bg7 3. Nf3 d6 4. Nc3 Nf6 5. Be2 O-O 6. O-O Nc6 7. d5 Nb8 8. h3 c6 9. a4 a6 10. Be3 a5 11. Qd2 Na6 12. Bh6 Nb4 13. Bxg7 Kxg7 14. Rfd1 Qb6 15. dxc6 bxc6 16. e5 dxe5 17. Nxe5 Be6 18. Nc4 Qc5 19. b3 Rfd8 20. Qc1 Bf5 21. Bf3 Nxc2 22. Ra2 Nd4 23. Rad2 Nxb3 24. Ne4 Bxe4 0-1


[Site "https://www.chess.com"]

[Event "Titled Tuesday Blitz December 27 Late 2022"]
[White "Averjanov, Alexey"]
[Black "Freile Martin, Javier"]
[WhiteFideId "14109867"]
[BlackFideId "3600165"]
[WhiteElo "2399"]
[BlackElo "2329"]
[Result "1-0"]
[Round "02"]
[TimeControl "180+2"]
[Date "2022.12.27"]
[WhiteClock "0:02:15"]
[BlackClock "0:00:10"]

1. d4 Nf6 2. c4 g6 3. Nc3 Bg7 4. e4 d6 5. Be2 O-O 6. Nf3 Na6 7. O-O e5 8. Qc2 exd4 9. Nxd4 Re8 10. Be3 Nc5 11. f3 a5 12. Rfd1 Nh5 13. Bf2 Nf4 14. Bf1 c6 15. Kh1 Qc7 16. Rd2 a4 17. Rad1 a3 18. b3 Be5 19. Nde2 h5 20. Be3 Nce6 21. Nxf4 Nxf4 22. Ne2 Nxe2 23. Bxe2 h4 24. f4 Bb2 25. Rxd6 h3 26. g3 Bf5 27. exf5 Rxe3 28. fxg6 Qe7 29. gxf7+ Kf8 30. Qg6 Qe4+ 31. Qxe4 Rxe4 32. Bh5 Re3 33. Rd8+ Rxd8 34. Rxd8+ Ke7 35. f8=Q+ Ke6 36. Rd6# 1-0


[Site "https://www.chess.com"]

[Event "Titled Tuesday Blitz December 27 Late 2022"]
[White "Bach, Matthias"]
[Black "Araujo Sanchez, Josue"]
[WhiteFideId "4603168"]
[BlackFideId "6416896"]
[WhiteElo "2214"]
[BlackElo "2303"]
[Result "0-1"]
[Round "02"]
[TimeControl "180+2"]
[Date "2022.12.27"]
[WhiteClock "0:00:01"]
[BlackClock "0:01:56"]

1. d4 Nf6 2. c4 e6 3. Nc3 Bb4 4. Bg5 h6 5. Bh4 b6 6. e3 Bb7 7. Nf3 g5 8. Bg3 Ne4 9. Nd2 Bxc3 10. bxc3 d6 11. Nxe4 Bxe4 12. f3 Bb7 13. Bd3 Nd7 14. O-O h5 15. h3 g4 16. fxg4 Qg5 17. Bf4 Qg7 18. g5 e5 19. Bh2 Qxg5 20. d5 O-O-O 21. Qf3 Rdg8 22. Bf5 Rg7 23. c5 bxc5 24. Rf2 Kd8 25. Bxd7 Kxd7 26. Qe4 Rhg8 27. Rb1 Bc8 28. Rbf1 Ke7 29. g3 Bxh3 30. Rb1 Bc8 31. Qa4 Qg6 32. Rb8 Bd7 33. Rxg8 Bxa4 34. Rxg7 Qxg7 0-1


[Site "https://www.chess.com"]

[Event "Titled Tuesday Blitz December 27 Late 2022"]
[White "Bachmann, Axel"]
[Black "Sargsyan, Anna M."]
[WhiteFideId "3700488"]
[BlackFideId "13308130"]
[WhiteElo "2604"]
[BlackElo "2375"]
[Result "1/2-1/2"]
[Round "02"]
[TimeControl "180+2"]
[Date "2022.12.27"]
[WhiteClock "0:00:51"]
[BlackClock "0:00:03"]

1. Nf3 d5 2. e3 Nf6 3. c4 c6 4. Nc3 e6 5. b3 Bd6 6. Bb2 e5 7. cxd5 cxd5 8. Nb5 Nc6 9. Nxd6+ Qxd6 10. Bb5 e4 11. Nd4 O-O 12. Bxc6 bxc6 13. Qc1 Ba6 14. Ba3 Qe5 15. Bxf8 Rxf8 16. Nxc6 Qh5 17. Qd1 Qg5 18. Rg1 Ng4 19. Nb4 Bb7 20. Qc2 Nxh2 21. Qc7 Nf3+ 22. Kf1 Nxg1 23. Qxb7 Nf3 24. gxf3 exf3 25. Qa6 Qh4 26. Ke1 Qxb4 27. Rc1 Qg4 28. Kd1 h5 29. Kc2 Rc8+ 30. Kb2 Rxc1 31. Kxc1 h4 32. Qxa7 h3 33. Kb2 Qg2 34. Qb7 h2 35. Qc8+ Kh7 36. Qf5+ g6 37. Qxf7+ Kh6 38. Qf8+ Kh5 39. Qh8+ Kg4 40. Qe5 h1=Q 41. Qe6+ Kh4 42. Qf6+ Kh5 43. Qh8+ Kg5 44. Qe5+ Kg4 45. Qe6+ Kh5 46. Qe5+ g5 47. Qh8+ Kg4 48. Qc8+ Kh4 49. Qh8+ Kg4 50. Qc8+ Kh5 51. Qh8+ Kg6 52. Qg8+ Kf6 53. Qf8+ Ke6 54. Qe8+ Kf5 55. Qf7+ Kg4 56. Qe6+ Kh4 57. Qh6+ Kg4 58. Qe6+ Kh5 59. Qf7+ Kh4 60. Qh7+ Kg4 61. Qd7+ Kh4 62. Qh7+ Kg4 63. Qd7+ Kh4 64. Qh7+ 1/2-1/2


[Site "https://www.chess.com"]

[Event "Titled Tuesday Blitz December 27 Late 2022"]
[White "Barp, Alberto"]
[Black "Jones, Gawain C B"]
[WhiteFideId "872555"]
[BlackFideId "409561"]
[WhiteElo "2432"]
[BlackElo "2618"]
[Result "0-1"]
[Round "02"]
[TimeControl "180+2"]
[Date "2022.12.27"]
[WhiteClock "0:00:06"]
[BlackClock "0:00:08"]

1. d4 Nf6 2. c4 g6 3. Nc3 Bg7 4. e4 d6 5. Nge2 a6 6. Ng3 h5 7. Be2 h4 8. Nf1 c5 9. dxc5 dxc5 10. Qxd8+ Kxd8 11. Be3 Nbd7 12. f4 Ne8 13. Rd1 Bxc3+ 14. bxc3 b6 15. Nd2 Bb7 16. O-O Nd6 17. Bd3 Kc7 18. Rfe1 f5 19. e5 Ne8 20. a4 Ng7 21. Rb1 a5 22. Rbd1 Ne6 23. Nb1 Bc6 24. Bc2 g5 25. Bxf5 Nxf4 26. Bxf4 gxf4 27. Na3 Bxa4 28. Nb5+ Bxb5 29. cxb5 Rad8 30. Rd2 Rh5 31. Red1 Rxf5 32. e6 Rf6 33. Rxd7+ Rxd7 34. Rxd7+ Kc8 35. Rxe7 a4 36. Ra7 Rxe6 37. Rxa4 Re1+ 38. Kf2 Rc1 39. Rxf4 Rc2+ 40. Kf1 h3 41. gxh3 Rxc3 42. h4 Kc7 43. Kg2 Rb3 44. h5 Rxb5 45. h6 Ra5 46. Rg4 Ra8 47. Kf3 Kc6 48. h7 Rh8 49. Rh4 Kb5 50. Ke3 c4 51. Kd2 Kb4 52. Kc2 b5 53. Kb2 Kc5 54. Rh5+ Kd4 55. Rh4+ Kd3 56. Rh3+ Kd2 57. Rh6 b4 58. Rd6+ Ke3 59. Kc2 Rxh7 60. Re6+ Kd4 61. Rd6+ Kc5 62. Rd2 b3+ 63. Kc3 Rh3+ 64. Kb2 c3+ 0-1


[Site "https://www.chess.com"]

[Event "Titled Tuesday Blitz December 27 Late 2022"]
[White "Bas Mas, Jose Joaquin"]
[Black "Popilski, Gil"]
[WhiteFideId "22219064"]
[BlackFideId "2809060"]
[WhiteElo "2197"]
[BlackElo "2443"]
[Result "0-1"]
[Round "02"]
[TimeControl "180+2"]
[Date "2022.12.27"]
[WhiteClock "0:00:10"]
[BlackClock "0:01:21"]

1. e4 e5 2. Nf3 Nc6 3. Bb5 Nf6 4. Bxc6 dxc6 5. d3 Nd7 6. O-O Bd6 7. b3 O-O 8. Nbd2 Re8 9. Bb2 Nf8 10. h3 Ng6 11. a4 a5 12. Nc4 f6 13. Bc1 Be6 14. Bd2 b6 15. Qe2 Bf8 16. Kh1 Qd7 17. Nh2 f5 18. exf5 Bxf5 19. g4 Qd5+ 20. Qf3 Be6 21. Qxd5 cxd5 22. Ne3 Nf4 23. Rae1 Nxh3 24. Ng2 Bd6 25. f3 Re7 26. Re2 Rf8 27. Rfe1 Bc8 28. c4 Bb7 29. d4 dxc4 30. dxe5 Bc5 31. Be3 Rxe5 32. Bxc5 Rxc5 33. Nh4 cxb3 34. Nf5 Nf4 35. Re7 Rfxf5 36. gxf5 Rxf5 37. Rxc7 Bd5 38. Re8+ Rf8 39. Ree7 Ne6 40. Rcd7 b2 0-1


[Site "https://www.chess.com"]

[Event "Titled Tuesday Blitz December 27 Late 2022"]
[White "Baskakov, Egor"]
[Black "Denishev, Marat"]
[WhiteFideId "24197866"]
[BlackFideId "24131563"]
[WhiteElo "2215"]
[BlackElo "2255"]
[Result "1-0"]
[Round "02"]
[TimeControl "180+2"]
[Date "2022.12.27"]
[WhiteClock "0:00:21"]
[BlackClock "0:00:04"]

1. e4 c5 2. Nf3 d6 3. d4 cxd4 4. Nxd4 Nf6 5. Nc3 a6 6. a4 g6 7. g3 Bg7 8. Bg2 O-O 9. h3 Qc7 10. Nd5 Nxd5 11. exd5 Qc4 12. Be3 Nd7 13. c3 Ne5 14. Qe2 Nd3+ 15. Kd1 Bxd4 16. Bxd4 e5 17. dxe6 fxe6 18. Ra3 e5 19. b3 Qf7 20. Qxd3 exd4 21. Qxd4 Be6 22. c4 Qxf2 23. Qxf2 Rxf2 24. Bxb7 Rb8 25. Bxa6 d5 26. Re1 Bf7 27. Kc1 dxc4 28. Bxc4 Rc8 29. a5 Bxc4 30. bxc4 Rxc4+ 31. Kb1 Rf7 32. a6 Ra7 33. Re6 Kf7 34. Rb6 Rcc7 35. Rab3 Ke8 36. Rb7 Kd7 37. Rxa7 Rxa7 38. Ra3 Kc6 39. Kc2 Kb5 40. Kd3 Rxa6 41. Rxa6 Kxa6 42. Ke4 Kb7 43. Ke5 h5 44. Kf6 h4 45. gxh4 1-0


[Site "https://www.chess.com"]

[Event "Titled Tuesday Blitz December 27 Late 2022"]
[White "Battlecruiser_Operational"]
[Black "Wieczorek, Oskar"]
[BlackFideId "1133950"]
[WhiteElo "2417"]
[BlackElo "2512"]
[Result "0-1"]
[Round "02"]
[TimeControl "180+2"]
[Date "2022.12.27"]
[WhiteClock "0:00:10"]
[BlackClock "0:02:08"]

1. d4 Nf6 2. Nf3 g6 3. Bf4 Bg7 4. e3 d6 5. h3 Nbd7 6. Be2 O-O 7. O-O b6 8. c4 Bb7 9. Nc3 e6 10. b4 a5 11. bxa5 Rxa5 12. a4 Ra8 13. Nd2 e5 14. Bh2 Re8 15. Nb3 exd4 16. exd4 Ne4 17. Nxe4 Bxe4 18. Bf3 Nf6 19. Re1 Qd7 20. Bxe4 Nxe4 21. a5 bxa5 22. Rxa5 Rxa5 23. Nxa5 Nc3 24. Qd2 Bxd4 25. c5 dxc5 26. Rxe8+ Qxe8 27. Bxc7 Ne4 28. Qf4 Nxf2 29. Kh2 Qe1 30. Nc6 Nd3 31. Qf3 Bg1+ 32. Kh1 Bf2+ 33. Kh2 Qg1# 0-1


[Site "https://www.chess.com"]

[Event "Titled Tuesday Blitz December 27 Late 2022"]
[White "Bazeev, German"]
[Black "Fernandez Garcia, Gumersindo"]
[WhiteFideId "24119350"]
[BlackFideId "24516740"]
[WhiteElo "2369"]
[BlackElo "2160"]
[Result "1-0"]
[Round "02"]
[TimeControl "180+2"]
[Date "2022.12.27"]
[WhiteClock "0:01:27"]
[BlackClock "0:00:18"]

1. c4 Nf6 2. Nc3 g6 3. g3 Bg7 4. Bg2 O-O 5. d3 d6 6. e4 c5 7. Nge2 a6 8. O-O Nc6 9. h3 Rb8 10. Be3 b5 11. b3 Nd7 12. Rc1 e5 13. Qd2 bxc4 14. dxc4 Nd4 15. f4 f5 16. exf5 Nxf5 17. Bf2 Kh8 18. Nd5 Nf6 19. Nxf6 Qxf6 20. Rce1 Nd4 21. fxe5 Nf3+ 22. Bxf3 Qxf3 23. Be3 Qe4 24. Rxf8+ Bxf8 25. Nc3 Qxe5 26. Bf4 Qg7 27. Bxd6 Bxd6 28. Qxd6 Qd4+ 29. Qxd4+ cxd4 30. Nd5 Bxh3 31. Rd1 Rd8 32. Rxd4 Be6 33. Kf2 Kg7 34. Nf4 h5 35. Nxe6+ 1-0


[Site "https://www.chess.com"]

[Event "Titled Tuesday Blitz December 27 Late 2022"]
[White "Beerdsen, Thomas"]
[Black "Wu, Brandon"]
[WhiteFideId "1030108"]
[BlackFideId "30909228"]
[WhiteElo "2507"]
[BlackElo "2123"]
[Result "1-0"]
[Round "02"]
[TimeControl "180+2"]
[Date "2022.12.27"]
[WhiteClock "0:02:14"]
[BlackClock "0:01:00"]

1. e4 c6 2. Nc3 d5 3. Qe2 d4 4. Nd1 e5 5. d3 Bd6 6. g3 h5 7. f4 h4 8. Bg2 Qf6 9. Nf3 Bg4 10. Nf2 Bxf3 11. Qxf3 Nh6 12. Bd2 Nd7 13. O-O-O O-O-O 14. Kb1 g6 15. Rdf1 Qe7 16. f5 gxf5 17. exf5 Bb4 18. f6 Qc5 19. Ne4 Qa5 20. Nd6+ Kb8 21. Nxb7 Qb6 22. Nxd8 Rxd8 23. Bxb4 Qxb4 24. Qxc6 Nc5 25. a3 Qd2 26. Qxc5 Qxg2 27. Qxe5+ Ka8 28. Qe4+ Qxe4 29. dxe4 h3 30. e5 Ng4 31. Re1 Re8 32. Re4 Nxf6 33. Rxd4 Rxe5 34. Rf1 Nd5 35. Rxf7 1-0


[Site "https://www.chess.com"]

[Event "Titled Tuesday Blitz December 27 Late 2022"]
[White "Bjelobrk, Igor"]
[Black "Itkis, Boris"]
[WhiteFideId "4300726"]
[BlackFideId "1209167"]
[WhiteElo "2403"]
[BlackElo "2329"]
[Result "1-0"]
[Round "02"]
[TimeControl "180+2"]
[Date "2022.12.27"]
[WhiteClock "0:01:11"]
[BlackClock "0:00:16"]

1. Nf3 d5 2. g3 Nd7 3. d4 Nb6 4. Nc3 Bf5 5. Nh4 Bg6 6. Nxg6 hxg6 7. Bg2 Nf6 8. O-O e6 9. e4 c6 10. e5 Nfd7 11. Ne2 c5 12. c3 Rc8 13. b3 cxd4 14. cxd4 Nb8 15. Nf4 Nc6 16. Bb2 g5 17. Nd3 Nb4 18. Nxb4 Bxb4 19. Rc1 Be7 20. Qd3 O-O 21. f4 gxf4 22. gxf4 g6 23. Rce1 Qd7 24. Re3 Kg7 25. Rg3 Rh8 26. f5 exf5 27. Rxf5 Qe6 28. Rf1 Rh4 29. Bh3 Qc6 30. e6 f5 31. Qxf5 1-0


[Site "https://www.chess.com"]

[Event "Titled Tuesday Blitz December 27 Late 2022"]
[White "Boros, Denes"]
[Black "Janaszak, Dawid"]
[WhiteFideId "722340"]
[BlackFideId "1119206"]
[WhiteElo "2406"]
[BlackElo "2316"]
[Result "1/2-1/2"]
[Round "02"]
[TimeControl "180+2"]
[Date "2022.12.27"]
[WhiteClock "0:00:22"]
[BlackClock "0:00:16"]

1. e4 c5 2. Nf3 e6 3. e5 d6 4. Na3 Nc6 5. exd6 Bxd6 6. Nc4 Bc7 7. g3 Nf6 8. Bg2 O-O 9. O-O b6 10. Nfe5 Nxe5 11. Nxe5 Bxe5 12. Bxa8 Ba6 13. Bf3 Bxf1 14. Qxf1 Nd5 15. Qe2 Qf6 16. c3 Rd8 17. a4 h6 18. a5 b5 19. a6 c4 20. Ra5 Nc7 21. Be4 Bd6 22. Kg2 Bc5 23. Ra1 Bb6 24. d4 cxd3 25. Bxd3 Qxf2+ 26. Qxf2 Bxf2 27. Be4 Bb6 28. Bf4 Nd5 29. Kf3 Nxf4 30. gxf4 Rd2 31. b3 f5 32. Bc6 Rd3+ 33. Kg2 Rxc3 34. Bxb5 Rxb3 35. Bc4 Rb2+ 36. Kg3 g6 37. Rd1 Kf7 38. Rd6 Rc2 39. Bb5 Rc3+ 40. Kg2 Re3 41. h4 Ke7 42. Rd7+ Kf6 43. Rh7 h5 44. Be8 e5 45. Rh6 exf4 46. Rxg6+ Ke5 47. Bc6 Rg3+ 48. Rxg3 fxg3 49. Kxg3 f4+ 50. Kf3 Bd8 51. Be8 Bxh4 52. Bxh5 Bd8 53. Be8 Bb6 54. Bb5 Bc5 55. Bc4 Bb6 56. Bb5 1/2-1/2


[Site "https://www.chess.com"]

[Event "Titled Tuesday Blitz December 27 Late 2022"]
[White "Can, Melih Kaan"]
[Black "Gasanov, Eldar"]
[WhiteFideId "6317383"]
[BlackFideId "14104466"]
[WhiteElo "2069"]
[BlackElo "2481"]
[Result "0-1"]
[Round "02"]
[TimeControl "180+2"]
[Date "2022.12.27"]
[WhiteClock "0:00:05"]
[BlackClock "0:00:19"]

1. e4 c5 2. Nf3 Nc6 3. c3 e5 4. Bc4 Nf6 5. Qe2 Be7 6. O-O O-O 7. Rd1 d6 8. h3 Na5 9. Bd3 Re8 10. Bc2 Bf8 11. d4 exd4 12. cxd4 Bf5 13. Nc3 Qc8 14. Bg5 Nxe4 15. Bxe4 Bxe4 16. Nxe4 d5 17. Ne5 dxe4 18. Qxe4 cxd4 19. Qd5 Qf5 20. f4 Nc6 21. g4 Qe6 22. Qxe6 Rxe6 23. Nxc6 Rxc6 24. Rd2 Bb4 25. Rd3 Rc2 26. a3 Bd2 27. b4 Re8 28. Rd1 Be3+ 29. Kh1 h6 30. Bh4 b5 31. Bg3 Re4 32. f5 h5 33. gxh5 Kh7 34. Bh2 Rh4 35. Be5 Rxh3+ 0-1


[Site "https://www.chess.com"]

[Event "Titled Tuesday Blitz December 27 Late 2022"]
[White "Cappai, Davide"]
[Black "Preotu, Razvan"]
[WhiteFideId "813338"]
[BlackFideId "2613280"]
[WhiteElo "2140"]
[BlackElo "2475"]
[Result "0-1"]
[Round "02"]
[TimeControl "180+2"]
[Date "2022.12.27"]
[WhiteClock "0:00:35"]
[BlackClock "0:00:43"]

1. b3 e5 2. Bb2 Nc6 3. e3 Nf6 4. Nf3 e4 5. Nd4 Bc5 6. Nxc6 dxc6 7. d4 Bb4+ 8. c3 Bd6 9. Be2 h5 10. h3 Bf5 11. c4 h4 12. Nc3 Kf8 13. Qc2 a5 14. c5 Be7 15. a3 Qd7 16. Bc4 b6 17. O-O-O b5 18. Be2 b4 19. Na4 Nd5 20. Bc4 g6 21. Kb1 Kg7 22. Ka2 Rhb8 23. Bxd5 Qxd5 24. Qc4 Be6 25. Rc1 bxa3 26. Kxa3 Rb4 27. Qxd5 Bxd5 28. Rc3 Rab8 29. f3 Bxb3 30. Rxb3 Rxb3+ 31. Ka2 R3b4 32. Ka3 Rxa4+ 33. Kxa4 Rxb2 34. fxe4 Ra2+ 35. Kb3 Rxg2 36. Kc4 Rg3 37. e5 Rxe3 38. Ra1 Rxh3 39. Rxa5 Rg3 40. Ra7 h3 41. Rxc7 h2 42. Rxe7 h1=Q 43. e6 Qd5+ 44. Kb4 Qb3+ 45. Ka5 Qb5# 0-1


[Site "https://www.chess.com"]

[Event "Titled Tuesday Blitz December 27 Late 2022"]
[White "Carbone, Diego"]
[Black "Shapiro, Daniel"]
[WhiteFideId "3002179"]
[BlackFideId "2001780"]
[WhiteElo "2336"]
[BlackElo "2284"]
[Result "0-1"]
[Round "02"]
[TimeControl "180+2"]
[Date "2022.12.27"]
[WhiteClock "0:00:05"]
[BlackClock "0:00:28"]

1. d4 Nf6 2. c4 e6 3. g3 d5 4. Bg2 Bb4+ 5. Bd2 Be7 6. Nf3 O-O 7. O-O c6 8. Qc2 b6 9. Bf4 Ba6 10. b3 Nbd7 11. Rd1 Rc8 12. a4 Ne4 13. Nc3 f5 14. h4 h6 15. a5 b5 16. c5 b4 17. Nxe4 fxe4 18. Ne5 Qe8 19. Nxd7 Qxd7 20. Qd2 Rf7 21. Bf1 Rcf8 22. e3 g5 23. hxg5 hxg5 24. Bxa6 gxf4 25. exf4 e5 26. dxe5 Bxc5 27. Rac1 e3 28. fxe3 Be7 29. Qd3 Rg7 30. Kg2 Qg4 31. e4 Qxf4 32. Rf1 Qxe5 33. Rxf8+ Bxf8 34. exd5 Bd6 35. Kf1 Rxg3 36. Qe2 Qf4+ 37. Ke1 Qxc1+ 38. Kf2 Qf4+ 39. Ke1 Re3 40. dxc6 Rxe2+ 41. Bxe2 Qc1+ 42. Kf2 Qxc6 43. Bc4+ Kg7 44. a6 0-1


[Site "https://www.chess.com"]